 Dungeon Crawl Stone Soup version 0.28-a0-664-gc179e30c89 (webtiles) character file.

Game seed: 18250380408182521339

8940 acebull12 the Thaumaturge (level 11, -11/79 HPs)
             Began as a Djinni Fire Elementalist on Oct 17, 2021.
             Was an Elder of Makhleb.
             Mangled by an eight-headed hydra (13 damage)
             ... on level 9 of the Dungeon.
             The game lasted 00:49:05 (9308 turns).

acebull12 the Thaumaturge (DjFE)                    Turns: 9308, Time: 00:49:06

Health: -11/79     AC:  8    Str:  7    XL:     11   Next: 65%
Gold:   631        EV:  9    Int: 19    God:    Makhleb [****..] SH: 10 Dex: 15

rFire   + + .      SeeInvis .   r - staff of conjuration
rCold   x . .      Faith    .   k - +0 kite shield
rNeg    . . .      Spirit   .   H - +0 acid dragon scales
rPois   ∞          Reflect  .   (no helmet)
rElec   .          Harm     .   F - +0 cloak
rCorr   +          Rampage  .   (no gloves)
Will    +++..                   (boots unavailable)
Stlth   ++........              q - amulet of regeneration
HPRegen 1.23/turn               b - ring of willpower
MPRegen 0.00/turn               i - ring of willpower

@: flying, very slightly contaminated
A: sickness immunity, fire resistance 2, cold vulnerability 1, float, innate
caster, hp casting, extra vitality 1
a: Renounce Religion, Minor Destruction, Lesser Servant of Makhleb, Major
Destruction


You were on level 9 of the Dungeon.
You worshipped Makhleb.
Makhleb was greatly pleased with you.
You visited 2 branches of the dungeon, and saw 10 of its levels.
You also visited: Sewer.

You collected 631 gold pieces.

Inventory:

Hand Weapons
 g - a +0 dagger of freezing
Missiles
 j - 3 throwing nets
Armour
 k - a +0 kite shield (worn)
 F - a +0 cloak (worn)
 H - +0 acid dragon scales (worn)
Magical Staves
 o - a staff of earth
 r - a staff of conjuration (weapon)
 z - a staff of poison
Jewellery
 b - a ring of willpower (left hand)
 i - a ring of willpower (right hand)
 q - an amulet of regeneration (around neck)
 w - a ring of ice
Wands
 B - a wand of iceblast (9)
 E - a wand of digging (4)
Scrolls
 a - a scroll of magic mapping {unknown}
 e - a scroll of enchant armour {unknown}
 f - 2 scrolls of acquirement {unknown}
 l - 2 scrolls of fog
 m - 2 scrolls of immolation {unknown}
 n - 2 scrolls of holy word
 p - 2 scrolls of amnesia {unknown}
 t - 2 scrolls of teleportation
 u - a scroll of noise
 y - 4 scrolls of brand weapon
 A - a scroll of blinking {unknown}
 D - 2 scrolls of vulnerability
 I - a scroll of identify
 J - a scroll of fear {unknown}
Potions
 c - 2 potions of might {unknown}
 d - 5 potions of haste
 h - a potion of ambrosia {unknown}
 s - 2 potions of curing
 v - 4 potions of heal wounds
 x - 2 potions of lignification
 C - 3 potions of resistance {unknown}
 G - a potion of degeneration {unknown}


   Skills:
 * Level 7.2 Fighting
 + Level 0.7 Staves
 * Level 4.3 Armour
 - Level 2.2 Dodging
 - Level 3.1 Stealth
 * Level 6.8 Shields
 + Level 10.5 Spellcasting


You had 5 spell levels left.
You knew the following spells:

 Your Spells              Type           Power      Damage    Failure   Level
a - Foxfire               Conj/Fire      100%       2x1d9     1%          1
b - Scorch                Fire           100%       2d10      1%          2
c - Conjure Flame         Conj/Fire      66%        6-21      1%          3
d - Inner Flame           Hex/Fire       50%        N/A       1%          3
e - Flame Wave            Conj/Fire      66%        3d12      4%          4
f - Animate Skeleton      Necr           100%       N/A       1%          1
g - Wereblood             Tmut           50%        N/A       1%          2
h - Poisonous Vapours     Pois/Air       100%       N/A       1%          2
i - Animate Armour        Summ/Erth      100%       N/A       4%          4
j - Summon Lightning Spi  Summ/Air       50%        N/A       4%          4
Your spell library was empty.

Dungeon Overview and Level Annotations

Branches:
Dungeon (9/15)             Temple (1/1) D:5             Orc (0/2) D:9
  Sewer (visited)
   Lair: D:8-11

Altars:
Ashenzari
Hepliaklqana
Makhleb
Nemelex Xobeh
Qazlal
Sif Muna
Trog
Vehumet
Wu Jian
Zin
The Shining One
Beogh

Annotations:
D:6 1 runed translucent door


Innate Abilities, Weirdness & Mutations

You are immune to sickness and miasma.
You are immune to poison.
Your flesh is very heat resistant. (rF++)
You are vulnerable to cold. (rC-)
You float through the air rather than walking.
You learn spells naturally, not from books.
Your magical power is your life essence.
You have superior vitality. (+4 HP)


Message History

You kill the howler monkey!
Makhleb accepts your kill.
You feel better.
You finish channelling waves of flame.
The eight-headed hydra bites you! x2
The eight-headed hydra bites you but does no damage.
The eight-headed hydra bites you! The eight-headed hydra bites you.
The eight-headed hydra barely misses you.
You block the eight-headed hydra's attack. x2
Casting: Flame Wave (dangerous; 4% risk of failure)
Confirm with . or Enter, or press ? or * to list all spells.
Casting: Flame Wave (dangerous; 4% risk of failure)
Press: ? - help, Dir - look around, f - activate You feel a surge of power!
You miscast Flame Wave.
You are very lightly contaminated with residual magic.
Nothing appears to happen.
You block the eight-headed hydra's attack.
The eight-headed hydra bites you. The eight-headed hydra misses you.
You block the eight-headed hydra's attack.
The eight-headed hydra bites you!
* * * LOW HITPOINT WARNING * * *
The eight-headed hydra bites you but does no damage.
You block the eight-headed hydra's attack.
The eight-headed hydra bites you!
* * * LOW HITPOINT WARNING * * *
Casting: Flame Wave (dangerous; 4% risk of failure)
Confirm with . or Enter, or press ? or * to list all spells.
Casting: Flame Wave (dangerous; 4% risk of failure)
Press: ? - help, Dir - look around, f - activate You feel a surge of power!
A wave of flame ripples out!
The flame wave engulfs the eight-headed hydra!
The eight-headed hydra is almost dead. (Press . to intensify the flame waves.)
* * * LOW HITPOINT WARNING * * *
The eight-headed hydra bites you!
* * * LOW HITPOINT WARNING * * *
The eight-headed hydra misses you.
The eight-headed hydra barely misses you.
The eight-headed hydra bites you but does no damage.
The eight-headed hydra bites you!
You die...

#)# #.# #.# #.#
#)# #.# #.# ...
#)## #..####
####.8#
##.D†..+..##
#.@8#..#8..#
#.###'####.#
#'#)[.?/?#'#
#.########.#
#..8#.)#8(.#
###..).)'..#
#.####8.#### #.#
##'#..
#######.#####.##.#


You could see an eight-headed hydra.

Vanquished Creatures
  Harold (D:8)
  A two-headed ogre (D:9)
  A deep elf pyromancer (D:9)
  The ghost of Demosthentine the Spear-Bearer, a novice MfGl of Elyvilon (D:6)
  A cyclops (D:9)
  Prince Ribbit (D:5)
  A wraith (D:9)
  9 yaks
  2 steam dragons
  2 water moccasins (D:8)
  Duvessa (D:6)
  An acid dragon (D:8)
  4 sky beasts
  3 orc warriors
  2 ice beasts
  3 black bears
  A necrophage (D:6)
  4 centaurs
  2 phantoms (D:5)
  2 kobold brigands
  7 bullfrogs
  2 scorpions (D:6)
  Dowan (D:6)
  A water moccasin zombie (D:7)
  An electric eel (D:6)
  A wight (D:6)
  6 howler monkeys
  2 jellies (D:5)
  2 bullfrog zombies
  A centaur zombie (D:7)
  2 hounds
  3 orc priests
  A bullfrog skeleton (D:4)
  A centaur skeleton (D:6)
  A gnoll shaman (D:8)
  6 iguanas
  5 orc wizards
  A scorpion zombie (D:5)
  A killer bee zombie (D:9)
  A hound skeleton (D:5)
  A howler monkey zombie (D:8)
  13 adders
  10 gnolls
  2 river rats (D:6)
  2 shadow imps (D:6)
  A nameless horror (D:5)
  2 ufetubi
  An adder skeleton (D:4)
  2 worms
  2 dart slugs
  18 orcs
  13 endoplasms
  12 giant cockroaches
  3 goblins
  6 hobgoblins
  8 jackals
  15 quokkas
  8 ball pythons
  3 bats
  14 frilled lizards
  14 kobolds
  4 rats
243 creatures vanquished.

Vanquished Creatures (collateral kills)
  An ogre (D:5)
  5 killer bees (D:9)
  A gnoll (D:5)
7 creatures vanquished.

Vanquished Creatures (others)
  792 foxfires
792 creatures vanquished.

Grand Total: 1042 creatures vanquished

Notes
Turn   | Place    | Note
-------+----------+-------------------------------------------
     0 | D:1      | acebull12 the Djinni Fire Elementalist began the quest for
                  | the Orb.
     0 | D:1      | Reached XP level 1. HP: 15/15 MP: 0/0
   399 | D:1      | Reached XP level 2. HP: 12/21 MP: 0/0
  1231 | D:1      | Reached XP level 3. HP: 24/26 MP: 0/0
  1231 | D:1      | Learned a level 1 spell: Animate Skeleton
  1524 | D:2      | Found a hazy altar of Hepliaklqana.
  1542 | D:2      | Reached skill level 1 in Fighting
  1542 | D:2      | Reached skill level 3 in Spellcasting
  1791 | D:2      | Reached XP level 4. HP: 20/32 MP: 0/0
  1964 | D:2      | Found a faded altar of an unknown god.
  2074 | D:2      | You are sucked into a shaft and drop 1 floor!
  3233 | D:3      | Reached XP level 5. HP: 24/37 MP: 0/0
  3233 | D:3      | Learned a level 2 spell: Wereblood
  3641 | D:3      | Found a sparkling altar of Nemelex Xobeh.
  4286 | D:4      | Found an ornate altar of the Wu Jian Council.
  4570 | D:4      | Reached skill level 4 in Spellcasting
  4801 | D:4      | Found a hazy altar of Hepliaklqana.
  4852 | D:4      | Reached XP level 6. HP: 43/43 MP: 0/0
  5128 | D:5      | Entered Level 5 of the Dungeon
  5128 | D:5      | Noticed an ogre
  5193 | D:5      | Reached skill level 1 in Shields
  5248 | D:5      | Found a staircase to the Ecumenical Temple.
  5254 | Temple   | Entered the Ecumenical Temple
  5266 | Temple   | Became a worshipper of Makhleb the Destroyer
  5305 | D:5      | Killed an ogre
  5306 | D:5      | Reached XP level 7. HP: 49/49 MP: 0/0
  5306 | D:5      | Learned a level 2 spell: Poisonous Vapours
  5432 | D:5      | Reached skill level 5 in Spellcasting
  5440 | D:5      | Noticed Prince Ribbit
  5449 | D:5      | Killed Prince Ribbit
  5450 | D:5      | Reached XP level 8. HP: 30/56 MP: 0/0
  5681 | D:5      | Noticed a yak
  5684 | D:5      | Noticed a yak
  5685 | D:5      | Noticed a yak
  5686 | D:5      | Noticed a yak
  5688 | D:5      | Noticed a yak
  5688 | D:5      | Noticed a yak
  5691 | D:5      | Killed a yak
  5691 | D:5      | Killed a yak
  5692 | D:5      | Reached skill level 6 in Spellcasting
  5693 | D:5      | Killed a yak
  5693 | D:5      | Killed a yak
  5694 | D:5      | Reached XP level 9. HP: 50/62 MP: 0/0
  5694 | D:5      | Learned a level 4 spell: Animate Armour
  5696 | D:5      | Reached * piety under Makhleb
  5697 | D:5      | Reached skill level 7 in Spellcasting
  5968 | D:6      | Found a glowing drain.
  5991 | Sewer    | Entered a sewer
  6147 | Sewer    | Reached ** piety under Makhleb
  6433 | D:6      | Found a runed translucent door.
  6440 | D:6      | Noticed Demosthentine's ghost (novice MfGl)
  6504 | D:6      | Reached skill level 5 in Fighting
  6505 | D:6      | Killed Demosthentine's ghost
  6506 | D:6      | Reached skill level 8 in Spellcasting
  6506 | D:6      | Reached XP level 10. HP: 61/70 MP: 0/0
  6520 | D:6      | Found a runed translucent door.
  6576 | D:6      | Reached skill level 5 in Shields
  6782 | D:6      | Noticed Duvessa
  6787 | D:6      | Killed Duvessa
  6787 | D:6      | Reached *** piety under Makhleb
  6788 | D:6      | Noticed Dowan
  6791 | D:6      | Killed Dowan
  7010 | D:6      | Reached skill level 9 in Spellcasting
  7595 | D:7      | Found a bloodstained altar of Trog.
  7610 | D:7      | Found a stormy altar of Qazlal.
  8072 | D:8      | Reached skill level 1 in Armour
  8283 | D:8      | Reached XP level 11. HP: 78/78 MP: 0/0
  8283 | D:8      | Learned a level 4 spell: Summon Lightning Spire
  8356 | D:8      | Noticed Harold
  8373 | D:8      | Killed Harold
  8374 | D:8      | Reached skill level 10 in Spellcasting
  8417 | D:8      | Reached **** piety under Makhleb
  8845 | D:9      | Noticed a two-headed ogre
  8853 | D:9      | Killed a two-headed ogre
  8858 | D:9      | Found a staircase to the Orcish Mines.
  9243 | D:9      | Noticed an eight-headed hydra
  9244 | D:9      | Noticed a cyclops
  9257 | D:9      | Noticed a deep elf pyromancer
  9259 | D:9      | Killed a cyclops
  9299 | D:9      | Killed a deep elf pyromancer
  9308 | D:9      | HP: 2/79 [eight-headed hydra (7)]
  9308 | D:9      | Mangled by an eight-headed hydra

Illustrated notes

Levels and vault maps discovered:
D:1:      saegor_arrival_simple_b, layout_loops_cross, minmay_pentomino_s2
D:2:      layout_loops_ring, basic_altar, ebering_ecumenical_altar_abandoned,
          kennysheep_boxes
D:3:      layout_basic, mainiacjoe_overflow_surrounded_room
D:4:      layout_cave_pods, grunt_temple_overflow_open,
          mainiacjoe_overflow_brackets
D:5:      layout_basic, minmay_temple_entry_hall, dk_vineyard_1,
          minmay_manual_monstrance, uniq_prince_ribbit1
D:6:      wad_river_or_something, layout_loops_ring, ebering_ghost_sewer_f,
          gup_sewer_entry_glass, chequers_serial_rivers_micro_b, fountainhead,
          minmay_misc_feat_iff, uniq_duvessa
D:7:      layout_basic, vehumet_crystals, gammafunk_temple_overflow_pools,
          kennysheep_generic_room_3
D:8:      layout_basic, roderic_lattice_a, uniq_harold
D:9:      minmay_chambers_of_sixes, layout_loops_ring,
          minmay_orc_entry_temple_small
Temple:   nicolae_temple_great_sept

Skill      XL: |  1  2  3  4  5  6  7  8  9 10 11 |
---------------+----------------------------------+-----
Fighting       | 1 2 3 4 5 6 7 |  7.2
Spellcasting   | 3 4 5 6 8 9 10 | 10.5
Stealth        | 2 3 |  3.1
Shields        | 1 2 3 4 6 |  6.8
Armour         | 1 4 |  4.3
Staves         | |  0.7
Dodging        | |  2.2

Action                   |  1- 3 |  4- 6 |  7- 9 | 10-12 || total
-------------------------+-------+-------+-------+-------++-------
Melee: Dagger            |       |     1 |       |       ||     1
       Staff             |       |       |     3 |    28 ||    31
 Cast: Foxfire           |    56 |   131 |   150 |   145 ||   482
       Animate Skeleton  |     1 |     4 |     4 |    11 ||    20
       Flame Wave        |       |       |    11 |    40 ||    51
       Poisonous Vapours |       |       |     1 |     2 ||     3
       Animate Armour    |       |       |     2 |       ||     2
       Conjure Flame     |       |       |       |     2 ||     2
       Scorch            |       |       |       |     2 ||     2
       Inner Flame       |       |       |       |     1 ||     1
       Summon Lightning  |       |       |       |     5 ||     5
  Use: Scroll            |       |       |     6 |     5 ||    11
Armor: Robe              |       |     3 |     4 |     1 ||     8
       Leather armour    |       |       |       |     7 ||     7
       Acid dragon scale |       |       |       |    26 ||    26
Dodge: Dodged            |     3 |     8 |    22 |    49 ||    82
Block: Kite shield       |       |       |       |    55 ||    55

Table legend: (Time is in decaauts)
 A = Elapsed time spent in this place.
 B = Non-inter-level travel time spent in this place.
 C = Inter-level travel time spent in this place.
 D = Time resting spent in this place.
 E = Time spent auto-exploring this place.
 F = Levels seen in this place.
 G = Mean time per level.
                   A        B        C        D        E       F      G
               +--------+--------+--------+--------+--------+-----+--------+
         Total |   9324 |   8772 |    552 |    866 |   6255 |  11 |  847.6 |
       Dungeon |   8978 |   8436 |    542 |    866 |   6146 |   9 |  997.6 |
        Temple |     23 |     13 |     10 |      0 |      2 |   1 |   23.0 |
         Sewer |    322 |    322 |      0 |      0 |    107 |   1 |  322.0 |
               +--------+--------+--------+--------+--------+-----+--------+

Top non-repeatable levels by time:
     D:1: 1756 daAuts
     D:3: 1401 daAuts
     D:6: 1092 daAuts
     D:2: 1067 daAuts
     D:4: 921 daAuts
     D:5: 799 daAuts
     D:7: 681 daAuts
     D:8: 649 daAuts
     D:9: 607 daAuts
   Sewer: 322 daAuts
  Temple: 23 daAuts
